AoeStats
← murad.cr7

Arena

505543689Analyzed
1v1 RM · 22d ago on Sep 9, 2026· 24m 41s· 2 players
Game mode
Random Map
Map size
Tiny (2 player)
Population
200
Speed
Normal
Resources
Standard
Victory
Conquest
Starting age
Dark Age
Ending age
Imperial Age
RankedLock teamsTeams togetherTeam positionsShared explorationLock speedFull tech treeHidden civsTurbo modeCheats
Victory
Defeat
🇨🇦 Maya · Canada
1019
+15
🇦🇿 Bulgarians · Azerbaijan
1000
-45
murad.cr7
17:09 Feudal Age
15:27 Loom
Saddu_Stoic
0:32 Loom
11:00 Feudal Age
14:36 Castle Age
13:10 Double-Bit Axe
13:32 Horse Collar
15:07 Wheelbarrow
19:56 Hand Cart
19:27 Town Watch
20:10 Heavy Plow
24:24 Fletching
24:36 Padded Archer Armor
Connection lost

Rejoining the realm…

Still unreachable

The connection could not be restored.

Session expired

The server has moved on; the page needs a fresh start.